 Dungeon Crawl Stone Soup version 0.24.0-13-gcf9b3192b9 (webtiles) character file.

Game seed: 14301311670007178555, levelgen mode: deterministic

367778 Engwar the Slayer (level 22, -28/348 HPs)
             Began as a Naga Berserker on Nov 1, 2019.
             Was the Champion of Trog.
             Annihilated by a titan (37 damage)
             ... on level 2 of the Depths on Nov 7, 2019.
             The game lasted 03:07:15 (50213 turns).

Engwar the Slayer (Naga Berserker)                 Turns: 50213, Time: 03:07:16

Health: -28/348    AC: 37    Str: 28    XL:     22   Next: 59%
Magic:  28/28      EV: 12    Int: 13    God:    Trog [******]
Gold:   2084       SH:  6    Dex: 16    Spells: 21/21 levels left

rFire    + + .     SeeInvis +   a - +5 eveningstar (crush)
rCold    . . .     Gourm    .   I - +2 buckler {reflect}
rNeg     . . .     Faith    .   F - +4 plate armour {rF+}
rPois    +         Spirit   .   C - +2 hat {MR+}
rElec    +         Reflect  +   u - scarf {cloud immunity}
rCorr    .         Harm     .   R - +3 pair of gauntlets of War {Slay+5}
MR       +++..                  y - +1 naga barding {rF+}
Stlth    ..........             k - amulet of the acrobat
HPRegen  0.68/turn              G - +2 ring of slaying
MPRegen  0.21/turn              H - ring of Faschiex {rElec rPois Dex+4}

@: berserking, lightly drained, quick
A: large, see invisible, deformed body, poison resistance, slowness 2, slow
metabolism 1, spit poison 1, constrict 1, AC +7
}: 2/15 runes: decaying, serpentine
a: Spit Poison, Berserk, Trog's Hand, Brothers in Arms, Renounce Religion


You were on level 2 of the Depths.
You worshipped Trog.
Trog was exalted by your worship.
You were not hungry.

You visited 7 branches of the dungeon, and saw 37 of its levels.
You visited the Abyss 1 time.
You also visited: Volcano.

You collected 4134 gold pieces.
You spent 2050 gold pieces at shops.

Inventory:

Hand Weapons
 a - a +5 eveningstar of crushing (weapon)
 b - a +4 antimagic eveningstar
 U - a +5 demon whip of draining
Missiles
 s - 24 javelins (quivered)
Armour
 h - the +4 faerie dragon scales {rElec rCorr HP+9 Str+4}
   (You took it off the Enchantress on level 1 of the Depths)

   It affects your strength (+4).
   It insulates you from electricity.
   It affects your health (+9).
   It provides partial protection from all sources of acid and corrosion.
 u - a scarf of cloud immunity (worn)
 y - a +1 naga barding of fire resistance (worn)
 C - a +2 hat of magic resistance (worn)
 F - a +4 plate armour of fire resistance (worn)
 I - a +2 buckler of reflection (worn)
 K - +0 ice dragon scales
 R - the +3 pair of gauntlets of War (worn) {Slay+5}
   (You bought it in a shop on level 13 of the Dungeon)

   It affects your accuracy and damage with ranged weapons and melee attacks
   (+5).
 V - +0 fire dragon scales
Jewellery
 k - an amulet of the acrobat (around neck)
 t - a cursed +3 amulet of reflection
 G - a +2 ring of slaying (left hand)
 H - the ring of Faschiex (right hand) {rElec rPois Dex+4}
   (You bought it in a shop on level 11 of the Dungeon)

   [ring of dexterity]

   It affects your dexterity (+4).
   It insulates you from electricity.
   It protects you from poison.
Wands
 q - a wand of enslavement (19)
 w - a wand of disintegration (28)
 M - a wand of clouds (2)
 P - a wand of scattershot (11)
 S - a wand of digging (4)
 T - a wand of acid (16)
Scrolls
 e - 24 scrolls of remove curse
 f - 2 scrolls of enchant weapon
 n - 13 scrolls of identify
 p - 12 scrolls of teleportation
 v - 7 scrolls of fear
 J - 3 scrolls of magic mapping
 X - a scroll of blinking
 Y - 3 scrolls of silence
Potions
 d - 5 potions of curing
 g - 3 potions of resistance
 i - 4 potions of magic
 j - 4 potions of might
 l - 5 potions of brilliance
 m - 5 potions of heal wounds
 o - 3 potions of mutation
 r - 8 potions of invisibility
 x - 2 potions of cancellation
 z - 5 potions of flight
 A - 2 potions of agility
 E - a potion of berserk rage
 L - 4 potions of haste
Miscellaneous
 D - a fan of gales
Comestibles
 c - 50 rations


   Skills:
 + Level 21.5(20.9) Fighting
 - Level 16.1(15.6) Maces & Flails
 - Level 10.0(9.5) Throwing
 - Level 15.0(14.5) Armour
 - Level 15.0(14.5) Dodging
 - Level 6.3(5.9) Stealth
 - Level 2.6(2.2) Shields
 - Level 8.1(7.7) Evocations


You had 21 spell levels left.
You didn't know any spells.
Your spell library contained the following spells:

 Spells                   Type           Power        Failure   Level  Hunger
 Apportation              Tloc           #.....       89%         1    ##.....
 Confusing Touch          Hex            #.....       89%         1    ##.....
 Corona                   Hex            #......      89%         1    ##.....
 Flame Tongue             Conj/Fire      #....        89%         1    ##.....
 Magic Dart               Conj           #...         89%         1    ##.....
 Sandblast                Erth           #.....       89%         1    ##.....
 Summon Butterflies       Summ           #.......     89%         1    ##.....
 Blink                    Tloc           N/A          96%         2    ###....
 Call Imp                 Summ           #.......     96%         2    ###....
 Passwall                 Tmut/Erth      #.......     96%         2    ###....
 Searing Ray              Conj           #.....       96%         2    ###....
 Slow                     Hex            #.......     96%         2    ###....
 Throw Flame              Conj/Fire      #.....       96%         2    ###....
 Confuse                  Hex            #.......     99%         3    ####...
 Conjure Flame            Conj/Fire      #.......     99%         3    ####...
 Dazzling Spray           Conj/Hex       #.....       99%         3    ####...
 Gell's Gravitas          Tloc           #.........   99%         3    ####...
 Inner Flame              Hex/Fire       #.......     99%         3    ####...
 Lesser Beckoning         Tloc           #.........   99%         3    ####...
 Mephitic Cloud           Conj/Pois/Air  #.......     99%         3    ####...
 Portal Projectile        Hex/Tloc       #.....       99%         3    ####...
 Static Discharge         Conj/Air       #.......     99%         3    ####...
 Tukima's Dance           Hex            #.......     99%         3    ####...
 Cause Fear               Hex            #.........   100%        4    #####..
 Force Lance              Conj/Tloc      #.......     100%        4    #####..
 Fulminant Prism          Conj/Hex       #.........   100%        4    #####..
 Iskenderun's Mystic Bla  Conj           #.......     100%        4    #####..
 Leda's Liquefaction      Hex/Erth       #.........   100%        4    #####..
 Petrify                  Tmut/Erth      #.......     100%        4    #####..
 Sticky Flame             Conj/Fire      #.......     100%        4    #####..
 Alistair's Intoxication  Tmut/Pois      #.......     100%        5    ######.
 Bolt of Magma            Conj/Fire/Erth #.........   100%        5    ######.
 Fireball                 Conj/Fire      #.........   100%        5    ######.
 Iskenderun's Battlesphe  Conj/Chrm      #.......     100%        5    ######.
 Lightning Bolt           Conj/Air       #.........   100%        5    ######.
 Metabolic Englaciation   Hex/Ice        #.........   100%        5    ######.
 Venom Bolt               Conj/Pois      #.........   100%        5    ######.
 Yara's Violent Unravell  Hex/Tmut       #.........   100%        5    ######.
 Invisibility             Hex            #.......     100%        6    #######
 Iron Shot                Conj/Erth      #.........   100%        6    #######
 Statue Form              Tmut/Erth      #........    100%        6    #######
 Orb of Destruction       Conj           #.........   100%        7    #######
 Spellforged Servitor     Conj/Summ      #.........   100%        7    #######
 Ignition                 Fire           #.........   100%        8    #######
 Shatter                  Erth           #.........   100%        9    #######
 Tornado                  Air            #.........   100%        9    #######


Dungeon Overview and Level Annotations

Branches:
Dungeon (15/15)            Temple (0/1) D:6            Lair (6/6) D:8
  Swamp (4/4) Lair:4        Snake (4/4) Lair:3        Slime (0/5) Lair:5
    Orc (2/2) D:11            Elf (0/3) Orc:2        Vaults (4/5) D:13
  Crypt (0/3) Vaults:2     Depths (2/5) D:15        Volcano (visited)

Altars:
Elyvilon
Fedhas
Gozag
Hepliaklqana
Kikubaaqudgha
Makhleb
Nemelex Xobeh
Okawaru
Qazlal
Trog
Uskayaw
Vehumet
Yredelemnul
Zin
The Shining One

Shops:
D:6 [   D:7 %*==   D:11 *   D:13 [   D:14 *   Orc:2 *([}[   Snake:1 (
Snake:2 =}=%   Snake:4 [=%!!   Vaults:1 [   Depths:1 !

Portals:
Hell: Depths:1 Depths:2
Abyss: Depths:1
Pandemonium: Depths:2
Trove: Vaults:1 (give +5 fire dragon scales)

Annotations:
D:3 2 transporters, Granthy's ghost, amateur GnSk
Lair:2 exclusion: 2 oklob plants
Lair:6 1 runed translucent door, Curus's ghost, journeyman MiMo
Snake:4 7 exclusions


Innate Abilities, Weirdness & Mutations

You cannot wear boots.
Your serpentine skin is tough. (AC +7)
You have supernaturally acute eyesight. (SInv)
Armour fits poorly on your strangely shaped body.
Your system is resistant to poisons. (rPois)
You cover ground very slowly.
You have a slow metabolism.
You can spit poison.
You can use your snake-like lower body to constrict enemies.


Message History

The caustic shrike claws you but does no damage.
The titan hits you!!
* * * LOW HITPOINT WARNING * * *
The caustic shrike claws you!
* * * LOW HITPOINT WARNING * * *
You are splashed with acid!
* * * LOW HITPOINT WARNING * * *
Unknown command.
You bludgeon the caustic shrike!! Your grab misses the caustic shrike.
The caustic shrike is moderately wounded.
You block the caustic shrike's attack. The titan hits you!!!
* * * LOW HITPOINT WARNING * * *
You closely miss the caustic shrike. Your grab misses the caustic shrike.
The caustic shrike is moderately wounded.
The caustic shrike claws you but does no damage.
You miss the caustic shrike. You grab the caustic shrike.
The caustic shrike is moderately wounded.
You constrict the caustic shrike. You block the caustic shrike's attack.
The titan hits you!!!
You die...

.....#####......##..#
....#..#..#.........
.#.#...#...........####
...#...# ..........#..#
.##.#######..#.......#
#..#..)#(..#.........###
...#..##.....#.#.......#
...#.###.#)#...C.......#
###### #....#.#b@......#
...# #...((..#|.#....#
..## #...D#..#...#...#
(## ..[(#..)...#...##..#
## ##?=.#############.#
## #.D ##)#...##..# ..#


XL# ##..#...#...# .. .Cc #...#..#....# ###### ######.##.....# You could see a
titan, a caustic shrike and a quicksilver dragon.

Vanquished Creatures
  Sojobo (Vaults:4)
  Margery (Vaults:4)
  Saint Roka (Vaults:4)
  Vashnia (Snake:2)
  2 caustic shrikes (Depths:2)
  the Enchantress (Depths:1)
  3 liches
  Jory (Vaults:3)
  A tentacled monstrosity (Swamp:4)
  A quicksilver dragon (Depths:2)
  A titan (Depths:2)
  2 tentacled starspawn (Abyss:4)
  Agnes (Snake:4)
  4 sphinxes
  The ghost of Gokhumny the Blocker, an adept GnFi of Okawaru (Swamp:1)
  Kirke (Lair:5)
  3 thorn hunters
  2 shadow dragons
  Gastronok (D:8)
  Roxanne (Swamp:4)
  4 tengu reavers
  5 nagarajas (Snake:4)
  A fire giant (Depths:1)
  3 deep elf sorcerers
  4 frost giants
  Aizul (Snake:2)
  A caustic shrike zombie (Depths:1)
  A ghoul (Vaults:2)
  12 vault wardens
  4 spriggan defenders
  4 ironheart preservers
  8 very ugly things
  A caustic shrike skeleton (Depths:2)
  3 entropy weavers
  9 stone giants
  2 deep elf demonologists
  A lorocyproca (Abyss:4)
  4 deep elf annihilators
  A red draconian (Volcano)
  2 spark wasps (Depths:2)
  2 ettins (Depths:2)
  A deep elf death mage (Depths:2)
  2 green deaths (Swamp:4)
  Josephine (D:11)
  An ice dragon (shapeshifter) (Vaults:4)
  11 naga warriors
  9 vault guards
  14 yaktaur captains
  8 great orbs of eyes
  3 fire dragons
  6 rakshasas
  A shambling mangrove (Swamp:3)
  6 ice dragons
  3 spriggan air magi
  14 hydras
  A two-headed ogre (shapeshifter) (Vaults:3)
  4 deep troll shamans
  A satyr (Abyss:4)
  7 centaur warriors
  9 anacondas
  A death yak (shapeshifter) (Depths:2)
  11 alligators
  2 tengu warriors (Depths:1)
  8 death yaks
  11 ogre magi
  22 two-headed ogres
  5 spriggan berserkers
  3 orc high priests (Orc:2)
  5 deep troll earth magi
  11 naga sharpshooters
  A thrashing horror (Swamp:4)
  A shock serpent (shapeshifter) (Depths:2)
  6 shock serpents
  3 deep elf knights
  12 hell knights
  A fire crab (shapeshifter) (Depths:1)
  Nergalle (Lair:2)
  3 iron trolls (Depths:1)
  9 spriggans
  A shadow wraith (Vaults:3)
  A wretched star (Abyss:4)
  A sixfirhy (Abyss:4)
  2 unseen horrors
  2 salamander mystics
  2 skeletal warriors
  6 naga ritualists
  A spriggan druid (Swamp:3)
  A flayed ghost (Vaults:4)
  8 large abominations
  3 wizards
  A spark wasp zombie (Depths:1)
  3 deep elf archers
  5 swamp dragons (Swamp:4)
  2 glowing orange brains
  4 deep trolls
  A phantasmal warrior (Depths:2)
  9 necromancers
  A lindwurm (Lair:6)
  9 ironbrand convokers
  A harpy (shapeshifter) (Vaults:3)
  A wolf spider (Vaults:4)
  5 orc sorcerers
  8 deep elf magi
  16 orc knights
  14 salamanders
  4 cyclopes
  A manticore (shapeshifter) (Depths:2)
  27 ugly things
  A fire giant zombie (Depths:1)
  2 guardian serpents (Snake:3)
  8 mana vipers
  4 elephants (Lair:6)
  3 manticores
  A shadow dragon skeleton (Depths:1)
  24 naga magi
  4 molten gargoyles
  29 black mambas
  3 orange demons (Swamp:4)
  2 rust devils
  10 vault sentinels
  A water nymph (shapeshifter) (Depths:2)
  A gargoyle (D:11)
  A spiny frog (shapeshifter) (Vaults:4)
  6 kobold demonologists
  14 spiny frogs
  An efreet (Abyss:4)
  58 yaktaurs
  14 komodo dragons
  A komodo dragon (shapeshifter) (Depths:2)
  2 rime drakes (Lair:4)
  6 freezing wraiths
  A queen bee (D:10)
  An ancient zyme (Abyss:4)
  A yaktaur skeleton (Depths:1)
  A demonic crawler (Abyss:4)
  8 trolls
  2 polar bears
  A silent spectre (Abyss:4)
  17 hornets
  7 tyrant leeches
  41 slime creatures
  3 raiju (Abyss:4)
  Prince Ribbit (D:8)
  Grinder (D:5)
  11 bog bodies
  A spriggan zombie (Depths:1)
  25 blink frogs
  9 hippogriffs
  2 stone giant simulacra
  A spriggan (shapeshifter) (Vaults:1)
  An elf skeleton (Depths:1)
  A flying skull (Vaults:2)
  A tarantella (shapeshifter) (Depths:2)
  2 redbacks (Vaults:2)
  A wyvern (shapeshifter) (Vaults:3)
  5 wraiths
  5 water elementals (Depths:1)
  4 shadows
  A ynoxinul (Abyss:4)
  24 yaks
  4 wyverns
  5 basilisks
  5 fire bats
  2 steam dragons (Lair:6)
  5 hogs
  A human (shapeshifter) (Vaults:3)
  3 vampire mosquitoes (Swamp:3)
  Edmund (D:5)
  A human (D:7)
  A neqoxec (Abyss:4)
  A hungry ghost (D:12)
  14 swamp worms
  4 wargs
  44 nagas
  7 hell hounds
  9 water moccasins
  A soldier ant (D:12)
  4 porcupines
  7 swamp drakes
  A floating eye (shapeshifter) (Vaults:3)
  36 orc warriors
  2 phantoms (D:11)
  4 eyes of draining
  3 black bears
  A hornet zombie (D:14)
  3 ice beasts
  4 sky beasts
  2 necrophages
  24 ogres
  9 boggarts
  11 wolves
  17 centaurs
  9 crocodiles
  4 big kobolds
  13 bullfrogs
  A wyvern zombie (D:11)
  A gnoll sergeant (D:10)
  5 scorpions
  A troll zombie (D:9)
  4 wyvern skeletons
  A small abomination (Swamp:4)
  14 killer bees
  2 wights
  5 jellies
  6 howler monkeys
  11 crimson imps
  8 hounds
  13 lava snakes
  4 quasits
  3 human zombies (D:9)
  5 starcursed masses (Abyss:4)
  9 centaur skeletons
  3 centaur zombies
  31 orc priests
  A gnoll shaman (D:9)
  3 bullfrog skeletons
  6 iguanas
  2 human skeletons (D:9)
  29 orc wizards
  14 worker ants
  3 hell rats (Lair:5)
  A killer bee zombie (D:6)
  A hound zombie (D:9)
  A mummy (D:9)
  Robin (D:4)
  A howler monkey skeleton (D:5)
  5 worker ant zombies
  8 gnolls
  25 adders
  8 river rats (Lair:5)
  4 white imps
  An ooze (D:6)
  An adder skeleton (D:8)
  An adder zombie (D:5)
  4 worms
  6 leopard geckos
  127 orcs
  2 ball pythons (D:4)
  4 bats
  5 giant cockroaches
  14 goblins
  12 hobgoblins
  14 jackals
  16 kobolds
  2 quokkas
  9 frilled lizards
  A jackal zombie (D:6)
  A leopard gecko zombie (D:8)
  3 orc zombies (D:9)
  15 rats
  2 briar patches (Swamp:3)
1578 creatures vanquished.

Vanquished Creatures (collateral kills)
  A spriggan (Depths:1)
  An orc warrior (Vaults:4)
  An ogre (Vaults:4)
  2 orc priests
  An orc wizard (Orc:2)
  An orc (Vaults:4)
7 creatures vanquished.

Vanquished Creatures (others)
  A naga sharpshooter (Snake:4)
  2 yaktaurs
  A naga (Snake:4)
  A centaur (Depths:1)
  An orc (Orc:2)
  A briar patch (Swamp:3)
  3 fungi
  2 lurking horrors (Abyss:4)
  6 plants
  4 starspawn tentacles (Abyss:4)
22 creatures vanquished.

Grand Total: 1607 creatures vanquished

Notes
Turn   | Place    | Note
-------+----------+-------------------------------------------
     0 | D:1      | Engwar the Naga Berserker began the quest for the Orb.
     0 | D:1      | Reached XP level 1. HP: 21/21 MP: 1/1
   427 | D:1      | Reached XP level 2. HP: 18/28 MP: 2/2
   910 | D:2      | Found a radiant altar of Vehumet.
   933 | D:2      | Reached ** piety under Trog
   956 | D:2      | Reached XP level 3. HP: 34/34 MP: 3/3
  1738 | D:3      | Upgraded the game from 0.24.0-3-g28a8eb0610 to
                  | 0.24.0-10-g970556be89
  1743 | D:3      | Reached XP level 4. HP: 40/42 MP: 4/4
  1809 | D:3      | Reached skill level 5 in Maces & Flails
  1928 | D:3      | Found a transporter.
  1932 | D:3      | Noticed Granthy's ghost (amateur GnSk)
  2276 | D:3      | Found a transporter.
  2572 | D:4      | Found a sparkling altar of Nemelex Xobeh.
  2574 | D:4      | Found a hazy altar of Hepliaklqana.
  2584 | D:4      | Found an iron altar of Okawaru.
  2617 | D:4      | Found a stormy altar of Qazlal.
  2631 | D:4      | Reached XP level 5. HP: 9/49 MP: 5/5
  2959 | D:4      | Reached *** piety under Trog
  3039 | D:4      | Found an iron altar of Okawaru.
  3115 | D:4      | Reached XP level 6. HP: 44/56 MP: 6/6
  3625 | D:4      | Found a blossoming altar of Fedhas.
  3625 | D:4      | Found a burning altar of Makhleb.
  3659 | D:4      | Noticed Robin
  3690 | D:4      | Killed Robin
  3756 | D:4      | Found a hide-covered altar of Uskayaw.
  3881 | D:5      | Entered Level 5 of the Dungeon
  3881 | D:5      | Noticed a sky beast
  3886 | D:5      | Killed a sky beast
  3886 | D:5      | Reached XP level 7. HP: 62/62 MP: 7/7
  3952 | D:5      | Noticed Grinder
  3958 | D:5      | Killed Grinder
  4113 | D:5      | Reached **** piety under Trog
  4216 | D:5      | Noticed Edmund
  4241 | D:5      | Killed Edmund
  4241 | D:5      | Reached skill level 4 in Fighting
  4241 | D:5      | Reached XP level 8. HP: 54/73 MP: 8/8
  4597 | D:5      | Reached skill level 5 in Fighting
  5339 | D:6      | Reached skill level 10 in Maces & Flails
  5796 | D:6      | Reached XP level 9. HP: 80/81 MP: 9/9
  6286 | D:6      | Found Begintem's Armour Boutique.
  6370 | D:6      | Found a staircase to the Ecumenical Temple.
  6398 | D:6      | Found a glowing silver altar of Zin.
  6670 | D:7      | Reached ***** piety under Trog
  6878 | D:7      | Found Vodeng's Food Emporium.
  6879 | D:7      | Found Odanomm's Assorted Antiques.
  6880 | D:7      | Found Ronoet's Jewellery Emporium.
  6881 | D:7      | Found Lucvugif's Jewellery Emporium.
  6893 | D:7      | Upgraded the game from 0.24.0-10-g970556be89 to
                  | 0.24.0-13-gcf9b3192b9
  6901 | D:7      | Bought a +2 ring of slaying for 315 gold pieces
  6906 | D:7      | Bought a white potion for 19 gold pieces
  6906 | D:7      | Bought a scroll of identify for 44 gold pieces
  7010 | D:7      | Noticed a two-headed ogre
  7019 | D:7      | Killed a two-headed ogre
  7019 | D:7      | Reached XP level 10. HP: 31/88 MP: 10/10
  7449 | D:7      | Reached skill level 5 in Stealth
  7983 | D:8      | Found a staircase to the Lair.
  8068 | D:8      | Noticed Prince Ribbit
  8074 | D:8      | Killed Prince Ribbit
  8440 | D:8      | Found a white marble altar of Elyvilon.
  8582 | D:8      | Noticed Gastronok
  8600 | D:8      | Killed Gastronok
  8600 | D:8      | Reached XP level 11. HP: 87/94 MP: 11/11
  8767 | D:9      | Found a stormy altar of Qazlal.
  8881 | D:9      | Found a basalt altar of Yredelemnul.
  8895 | D:9      | Received a gift from Trog
  8932 | D:9      | Reached skill level 5 in Armour
  9222 | D:9      | Found an opulent altar of Gozag.
  9292 | D:9      | Found a basalt altar of Yredelemnul.
  9570 | D:10     | Entered Level 10 of the Dungeon
  9857 | D:10     | Reached skill level 5 in Dodging
 10338 | D:10     | Reached skill level 6 in Fighting
 10371 | D:10     | Received a gift from Trog
 10778 | D:11     | Reached skill level 7 in Fighting
 10821 | D:11     | Found a staircase to the Orcish Mines.
 10895 | D:11     | Received a gift from Trog
 11056 | D:11     | Noticed a two-headed ogre
 11068 | D:11     | Killed a two-headed ogre
 11068 | D:11     | Reached skill level 8 in Fighting
 11203 | D:11     | Noticed a cyclops
 11215 | D:11     | Killed a cyclops
 11215 | D:11     | Reached XP level 12. HP: 59/111 MP: 12/12
 11353 | D:11     | Noticed a two-headed ogre
 11358 | D:11     | Killed a two-headed ogre
 11358 | D:11     | Reached skill level 9 in Fighting
 11602 | D:11     | Found Gytrempe's Antique Artefacts.
 11615 | D:11     | Reached skill level 10 in Fighting
 11634 | D:11     | Bought a warped cloak for 180 gold pieces
 11639 | D:11     | Identified the +1 cloak of Exclusion {-Tele Str+6} (You
                  | bought it in a shop on level 11 of the Dungeon)
 11665 | D:11     | Reached skill level 1 in Evocations
 11730 | D:11     | Noticed Josephine
 11752 | D:11     | Killed Josephine
 12029 | Orc:1    | Entered Level 1 of the Orcish Mines
 12099 | Orc:1    | Reached skill level 1 in Shields
 12802 | D:11     | Bought a coiled lead ring for 95 gold pieces
 12802 | D:11     | Bought a scorched mace for 152 gold pieces
 12802 | D:11     | Bought a flickering ivory ring for 95 gold pieces
 12802 | D:11     | Identified the +4 mace of the Equator {crush, -Tele rPois
                  | rF++ rC+ Int-4} (You bought it in a shop on level 11 of the
                  | Dungeon)
 12805 | D:11     | Identified the ring "Ruar" {rPois SInv} (You bought it in a
                  | shop on level 11 of the Dungeon)
 12807 | D:11     | Identified the ring of Faschiex {rElec rPois Dex+4} (You
                  | bought it in a shop on level 11 of the Dungeon)
 13059 | Lair:1   | Entered Level 1 of the Lair of Beasts
 14413 | Lair:2   | Received a gift from Trog
 14602 | Lair:2   | Found a dark tunnel.
 14610 | Lair:2   | Reached skill level 1 in Throwing
 14622 | Lair:2   | Gained mutation: You can use your snake-like lower body to
                  | constrict enemies. [Naga growth]
 14622 | Lair:2   | Reached XP level 13. HP: 72/122 MP: 16/16
 14776 | Volcano  | Entered a volcano
 15127 | Volcano  | Found a radiant altar of Vehumet.
 15210 | Volcano  | Noticed a red draconian
 15223 | Volcano  | Killed a red draconian
 15897 | Lair:2   | Identified a scroll of acquirement
 16073 | D:6      | Bought a +2 buckler of reflection for 277 gold pieces
 16269 | Lair:2   | Noticed Nergalle
 16286 | Lair:2   | Killed Nergalle
 17420 | Lair:3   | Found a staircase to the Snake Pit.
 17719 | Lair:4   | Reached skill level 10 in Armour
 17722 | Lair:4   | Received a gift from Trog
 18266 | Lair:4   | Received a gift from Trog
 18266 | Lair:4   | Reached skill level 11 in Fighting
 18277 | Lair:4   | Found a staircase to the Swamp.
 18583 | Lair:4   | Noticed an ice dragon
 18596 | Lair:4   | Killed an ice dragon
 18596 | Lair:4   | Reached XP level 14. HP: 134/134 MP: 17/17
 19136 | Lair:5   | Reached skill level 12 in Fighting
 19272 | Lair:5   | Found a staircase to the Slime Pits.
 20080 | Lair:6   | Entered Level 6 of the Lair of Beasts
 20080 | Lair:6   | Noticed Kirke
 20091 | Lair:5   | Reached skill level 13 in Fighting
 20105 | Lair:5   | Killed Kirke
 20385 | Lair:6   | Reached ****** piety under Trog
 20483 | Lair:6   | Found a runed translucent door.
 20483 | Lair:6   | Noticed Curus's ghost (journeyman MiMo)
 20581 | Lair:6   | Reached skill level 14 in Fighting
 20884 | Lair:6   | Found a large runed translucent door.
 21000 | Lair:6   | Received a gift from Trog
 21016 | Lair:6   | Found a large runed translucent door.
 21327 | Lair:6   | Reached skill level 15 in Fighting
 21735 | D:12     | Reached XP level 15. HP: 146/153 MP: 18/18
 22055 | D:12     | Got a shimmering plate armour
 22056 | D:12     | Identified the +8 plate armour of Awe {rElec Str+5 Slay-3}
                  | (You found it on level 12 of the Dungeon)
 22525 | D:13     | Found a glowing silver altar of Zin.
 22832 | D:13     | You fall into a shaft and drop 2 floors!
 22832 | D:15     | Entered Level 15 of the Dungeon
 23050 | D:14     | Received a gift from Trog
 23256 | D:13     | Found Faorghoum's Armour Boutique.
 23264 | D:13     | Bought the +3 pair of gauntlets of War {Slay+5} for 617
                  | gold pieces
 23264 | D:13     | Found the +3 pair of gauntlets of War {Slay+5}
 23768 | D:13     | Found a gate to the Vaults.
 23883 | Orc:2    | Entered Level 2 of the Orcish Mines
 23883 | Orc:2    | Found Vinlueg's General Store.
 24025 | Orc:2    | Found a bloodstained altar of Trog.
 24221 | Orc:2    | Found a staircase to the Elven Halls.
 24400 | Orc:2    | Found Gutijin's Armour Emporium.
 24400 | Orc:2    | Found Hett's Antique Weapon Boutique.
 24400 | Orc:2    | Found Sefuro's Gadget Emporium.
 24400 | Orc:2    | Found Gimeeqej's Armour Boutique.
 24416 | Orc:2    | Received a gift from Trog
 24724 | D:14     | Found Miupowis's Assorted Antiques.
 25851 | D:15     | Found a blossoming altar of Fedhas.
 26032 | D:15     | Reached XP level 16. HP: 162/162 MP: 19/19
 26034 | D:15     | Found a staircase to the Depths.
 26044 | D:15     | Received a gift from Trog
 26047 | D:15     | Reached skill level 10 in Dodging
 26376 | Snake:1  | Entered Level 1 of the Snake Pit
 27025 | Snake:1  | Reached skill level 15 in Maces & Flails
 27029 | Snake:1  | Found Ismi Afe's Antique Weapon Boutique.
 27864 | Snake:2  | Noticed Vashnia
 27900 | Snake:2  | Killed Vashnia
 28493 | Snake:2  | Noticed Aizul
 28503 | Snake:2  | Killed Aizul
 28537 | Snake:2  | Found Runes's Food Shop.
 28835 | Snake:2  | Found Cesimm's Jewellery Shoppe.
 28835 | Snake:2  | Found Goarghisma's Gadget Shop.
 28836 | Snake:2  | Found Jempox's Jewellery Shoppe.
 29064 | Snake:2  | Found an ancient bone altar of Kikubaaqudgha.
 29408 | Snake:3  | Reached XP level 17. HP: 154/169 MP: 20/20
 29893 | Snake:4  | Entered Level 4 of the Snake Pit
 29929 | Snake:4  | Found Paptown's Antique Armour Shoppe.
 30108 | Snake:4  | Bought a dazzling cloak for 256 gold pieces
 30108 | Snake:4  | Identified the +2 cloak of Infinity {*Slow rElec Int+3}
                  | (You bought it in a shop on level 4 of the Snake Pit)
 30133 | Snake:4  | Found Wyrruf's Food Shoppe.
 30133 | Snake:4  | Found Fufeh's Jewellery Emporium.
 30143 | Snake:4  | Found Voaw's Distillery.
 30155 | Snake:4  | Found Ecun's Distillery.
 30156 | Snake:4  | Noticed Agnes
 30165 | Snake:4  | Killed Agnes
 30536 | Snake:4  | Received a gift from Trog
 31955 | Snake:4  | Received a gift from Trog
 32275 | Snake:4  | Got a serpentine rune of Zot
 32470 | Swamp:1  | Entered Level 1 of the Swamp
 32539 | Swamp:1  | Found a runed translucent door.
 32540 | Swamp:1  | Noticed Gokhumny's ghost (adept GnFi)
 32547 | Swamp:1  | Received a gift from Trog
 32575 | Swamp:1  | Killed Gokhumny's ghost
 32843 | Swamp:3  | Reached skill level 15 in Armour
 33176 | Swamp:3  | Reached skill level 5 in Throwing
 33180 | Swamp:3  | Reached XP level 18. HP: 162/178 MP: 21/21
 33922 | Swamp:4  | Entered Level 4 of the Swamp
 33962 | Swamp:4  | Received a gift from Trog
 34359 | Swamp:4  | Identified Roxanne's Papyrus of the Mountains
 34359 | Swamp:4  | Noticed Roxanne
 34374 | Swamp:4  | Killed Roxanne
 34749 | Swamp:4  | Noticed a tentacled monstrosity
 34765 | Swamp:4  | Killed a tentacled monstrosity
 34942 | Swamp:4  | Reached skill level 10 in Throwing
 35314 | Swamp:4  | Reached skill level 5 in Evocations
 35358 | Swamp:4  | Got a decaying rune of Zot
 35807 | Vaults:1 | Entered Level 1 of the Vaults
 35917 | Vaults:1 | Received a gift from Trog
 35937 | Vaults:1 | Found a portal to a secret trove of treasure.
 36596 | Vaults:1 | Found Aqait's Antique Armour Shop.
 37025 | Vaults:1 | Reached XP level 19. HP: 147/186 MP: 25/25
 37288 | Vaults:1 | Found a glowing golden altar of the Shining One.
 37443 | Vaults:2 | Received a gift from Trog
 37509 | Vaults:2 | Reached skill level 16 in Fighting
 37535 | Vaults:2 | Identified the ring "Hihakkizop" {*Tele rElec}
 37573 | Vaults:2 | Received a gift from Trog
 37887 | Vaults:2 | Received a gift from Trog
 38718 | Vaults:2 | Found a staircase to the Crypt.
 38916 | Vaults:2 | Reached skill level 17 in Fighting
 39033 | Vaults:3 | Received a gift from Trog
 39760 | Vaults:3 | Reached skill level 18 in Fighting
 40033 | Vaults:3 | Noticed Jory
 40065 | Vaults:3 | Killed Jory
 40425 | Vaults:3 | Reached XP level 20. HP: 203/206 MP: 8/26
 40458 | Vaults:3 | Received a gift from Trog
 41265 | Vaults:4 | Reached skill level 19 in Fighting
 41693 | Vaults:4 | Noticed Sojobo
 41695 | Vaults:4 | Noticed Saint Roka
 41720 | Vaults:4 | Killed Sojobo
 42049 | Vaults:4 | Killed Saint Roka
 42050 | Vaults:4 | Received a gift from Trog
 42389 | Vaults:4 | Noticed Margery
 42409 | Vaults:4 | Killed Margery
 42409 | Vaults:4 | Reached skill level 20 in Fighting
 43382 | Depths:1 | Entered Level 1 of the Depths
 43389 | Depths:1 | Noticed the Enchantress
 43889 | Depths:1 | Received a gift from Trog
 43891 | Depths:1 | Cast into level 4 of the Abyss (the Enchantress)
 43951 | Abyss:4  | Reached XP level 21. HP: 205/219 MP: 27/27
 44287 | Depths:1 | Escaped the Abyss
 44332 | Depths:1 | Killed the Enchantress
 45394 | Depths:1 | Found Tedusib's Distillery.
 45928 | Depths:1 | Received a gift from Trog
 46503 | Depths:1 | Found a one-way gate to the infinite horrors of the Abyss.
 46735 | Depths:1 | Found a gateway to Hell.
 46923 | Depths:1 | Found Tedusib's Distillery.
 46935 | Depths:1 | Found a one-way gate to the infinite horrors of the Abyss.
 47496 | Depths:1 | Found a gateway to Hell.
 47887 | Depths:2 | Received a gift from Trog
 48200 | Depths:2 | Received a gift from Trog
 48599 | Depths:2 | Noticed a caustic shrike
 48608 | Depths:2 | Killed a caustic shrike
 48608 | Depths:2 | Reached XP level 22. HP: 228/228 MP: 28/28
 48619 | Depths:2 | Reached skill level 15 in Dodging
 49291 | Depths:2 | Received a gift from Trog
 49409 | Depths:2 | Reached skill level 21 in Fighting
 49653 | Depths:2 | Found a one-way gate leading to the halls of Pandemonium.
 49702 | Depths:2 | Noticed a caustic shrike
 49708 | Depths:2 | Killed a caustic shrike
 50208 | Depths:2 | Noticed a caustic shrike
 50211 | Depths:2 | HP: 8/348 [titan (36)]
 50213 | Depths:2 | Annihilated by a titan

Levels and vault maps discovered:
D:1:      psy_arrival_statuary, layout_basic
D:2:      layout_loops_corners, vehumet_crystals
D:3:      layout_rooms, gammafunk_ghost_stat_death, hex_large,
          grunt_ministairs_9, kennysheep_small_spiral,
          minmay_misc_feat_secret_circle
D:4:      layout_loops_ring, nicolae_overflow_crystal_walls,
          nicolae_overflow_hidden_temple, overflow_temple_1_default,
          gammafunk_temple_overflow_wave, serial_bayou_pond_b,
          okawaru_gym_becter, uniq_robin
D:5:      layout_loops_corners, first_ration, st_stairs_9, grunt_ministairs_7,
          uniq_edmund, uniq_grinder
D:6:      cheibrodos_fzero, layout_layer_cave, kennysheep_mini_moat,
          minmay_temple_entry_glassed_door, serial_shops, shop
D:7:      layout_loops_ring, serial_glass, glass_columns_b, glass_columns_a,
          grunt_livestock, minmay_shop_grid_forest
D:8:      layout_loops_ring, elyvilon_altar_1, david_lair_shrubbed,
          kennysheep_path_1, uniq_prince_ribbit1, uniq_gastronok
D:9:      layout_irregular_city, nicolae_gozag_cash_rules_everything_around_me,
          lemuel_mausoleum_altar_yredelemnul, hangedman_feature_mirror,
          kennysheep_decorative_pillar
D:10:     layout_stronghold, nicolae_looking_at_the_future
D:11:     layout_stronghold, hiddenorc2_lemuel, minmay_misc_feat_nine_boxes,
          nicolae_antique_artefacts, uniq_josephine
D:12:     layout_irregular_city, chequers_serial_rivers_room_b
D:13:     layout_basic, hangedman_vaults_entry_quadrant_bands, basic_altar,
          serial_shops, shop
D:14:     layout_basic, serial_shops, kennysheep_mini, nicolae_twisting_strands
D:15:     grunt_enter_depths_magical_seal, layout_stronghold, fedhas_altar_2
Lair:1:   layout_cave_pods
Lair:2:   layout_long_grid, enter_volcano_3, minivault_23,
          minmay_lair_oklob_chamber, uniq_nergalle
Lair:3:   minmay_lair_venomous_thicket, layout_regular_city, dummy_snake_entry,
          chequers_serial_rivers_micro_b, serial_bayou_shore_b,
          lemuel_fruit_fields, grunt_megastairs_4
Lair:4:   layout_gridlike, minmay_swamp_entry_worms, bobbens_ice_dragon_lair,
          grunt_megastairs_1
Lair:5:   layout_concentric_octagons, minmay_slime_entry_pillars,
          kennysheep_abandoned_house, grunt_megastairs_2,
          infiniplex_staircase_pool
Lair:6:   cheibrodos_lair_end_hotspot, layout_regular_city,
          hellmonk_ghost_happy_afterlife, uniq_kirke
Swamp:1:  layout_falls_marsh, ebering_ghost_inner_flame,
          hangedman_swamp_ruin_wall, nicolae_swamp_oklob_treasure_island
Swamp:2:  layout_basic_swamp, serial_swamp_ruin, evilmike_swamp_ruin_house_3,
          evilmike_swamp_ruin_wall
Swamp:3:  layout_basic_swamp, nicolae_swamp_round_clearing, swamp_pool5,
          statue_in_the_mist_lemuel, hangedman_swamp_pad
Swamp:4:  swamp_vile, layout_basic_swamp, uniq_roxanne
Snake:1:  layout_misc_corridors, serial_shops, shop
Snake:2:  layout_gridlike, basic_altar, serial_shops, nicolae_shop_crystal,
          serial_bayou_pond_d, drop_trap, minmay_shop_grove, lemuel_fruit_tree,
          uniq_aizul, uniq_vashnia
Snake:3:  layout_grid_maze
Snake:4:  minmay_snake_end_coiled, layout_onion, serial_shops,
          nicolae_shop_waterfront, shop, shop, shop, shop, st_stairs_13,
          uniq_agnes
Orc:1:    layout_caves
Orc:2:    grunt_orc_tribal_feast, layout_caves, serial_shops, shop, trog_book
Vaults:1: hangedman_vaults_impose, grunt_vaults_diagonal, v_misc_22,
          nicolae_vaults_network_s, layout_vaults_omnigrid, serial_shops, shop,
          nicolae_trove_entry_crossroad, basic_altar
Vaults:2: nicolae_vaults_network_periphery, ontoclasm_vaults_ring_large,
          minmay_crypt_entry_simple_sparse, ontoclasm_vaults_eye,
          grunt_vaults_hallway_short, nicolae_vaults_little_squares_5,
          ontoclasm_vaults_gateway, v_misc_22, nicolae_vaults_little_squares_3,
          vaults_room_grunt_arrival_ludios, nicolae_vaults_little_squares_6,
          layout_vaults_big_room
Vaults:3: ontoclasm_vaults_loading_screen, nicolae_vaults_little_squares_4,
          vaults_dpeg_hooks, v_misc_29, st_cross, v_misc_32,
          hangedman_vaults_corner_blocks, nicolae_vaults_yaktaur_gun_rack,
          nicolae_vaults_asterisk, ontoclasm_vaults_misaligned,
          vaults_room_semicircle, vaults_room_hallway, ontoclasm_vaults_twist,
          layout_vaults_omnibox, uniq_jory
Vaults:4: v_misc_15, v_alt_pattern_4, v_misc_24,
          nicolae_vaults_good_morning_starshine, nicolae_vaults_puzzle_piece,
          nicolae_vaults_little_squares_3, nicolae_vaults_three_branches,
          v_pattern_4, vaults_room_hallway, layout_vaults_big_cross,
          uniq_margery, uniq_sojobo, uniq_saint_roka
Depths:1: layout_gridlike, abyss_entry_crystal, grunt_hell_entry_dis_old,
          chequers_serial_rivers_micro_d, grunt_ministairs_2,
          kennysheep_small_circle, serial_bayou_shore_b, uniq_enchantress
Depths:2: hangedman_pleasuredromes, hell_entry, pan_entry

Skill      XL: |  1  2  3  4  5  6  7  8  9 10 11 12 13 14 15 16 17 18 19 20 21 22 |
---------------+-------------------------------------------------------------------+-----
Maces & Flails | 4 5 6 7 8 10 13 14 16 | 16.1
Fighting       | 4 5 8 10 11 15 18 20 21 | 21.5
Stealth        | 4 6 |  6.3
Armour         | 4 5 7 10 11 12 15 | 15.0
Dodging        | 5 9 10 11 14 15 | 15.0
Evocations     | 4 8 |  8.1
Shields        | 2 |  2.6
Throwing       | 1 4 5 10 | 10.0

Action                   |  1- 3 |  4- 6 |  7- 9 | 10-12 | 13-15 | 16-18 | 19-21 | 22-24 || total
-------------------------+-------+-------+-------+-------+-------+-------+-------+-------++-------
Melee: Mace              |   152 |   231 |    67 |    57 |    88 |       |       |       ||   595
       Dire flail        |       |       |   276 |   734 |       |       |       |       ||  1010
       Whip              |       |       |       |    49 |  1276 |    22 |       |       ||  1347
       Constrict         |       |       |       |       |   250 |   230 |   224 |    44 ||   748
       Eveningstar       |       |       |       |       |       |  1076 |   954 |   186 ||  2216
       Demon whip        |       |       |       |       |       |       |   560 |   103 ||   663
Throw: Javelin           |       |       |       |     4 |     3 |     4 |       |       ||    11
Invok: Berserk           |       |     4 |     5 |     1 |     9 |     1 |     5 |     2 ||    27
       Trog's Hand       |       |       |       |       |     1 |       |     6 |       ||     7
       Brothers in Arms  |       |       |       |       |     1 |       |     4 |       ||     5
 Abil: Spit Poison       |       |    12 |     4 |       |       |       |       |       ||    16
  Use: Scroll            |       |    13 |     8 |    11 |    14 |     9 |     2 |       ||    57
       Potion            |       |     1 |       |       |     1 |     2 |     5 |       ||     9
 Stab: Sleeping          |       |       |       |     7 |       |       |     1 |       ||     8
       Confused          |       |       |       |       |       |     4 |       |       ||     4
       Distracted        |       |       |       |       |       |       |     1 |     1 ||     2
  Eat: Chunk             |     2 |     6 |     8 |    16 |    24 |     6 |    18 |     2 ||    82
       Ration            |       |     1 |     2 |     2 |     5 |     7 |     6 |     2 ||    25
Armor: Animal skin       |    22 |    37 |       |       |       |       |       |       ||    59
       Scale mail        |       |    36 |   128 |   148 |       |       |       |       ||   312
       Plate armour      |       |       |       |   147 |   556 |   664 |   566 |   152 ||  2085
       Acid dragon scale |       |       |       |       |       |       |    84 |       ||    84
Dodge: Dodged            |   120 |   136 |   130 |   289 |   339 |   418 |   591 |    91 ||  2114
Block: Buckler           |       |       |       |    15 |   275 |   304 |   348 |    63 ||  1005
       Reflection        |       |       |       |       |    29 |    49 |    50 |     4 ||   132
